 Dungeon Crawl Stone Soup version 0.20.1-1-g8b1a95d66d (webtiles) character file.

242 Gargoyl the Skirmisher (level 5, -2/46 HPs)
             Began as a Centaur Abyssal Knight on Dec 26, 2017.
             Was a Believer of Lugonu.
             Engulfed by a cloud of flame (27 damage)
             ... on level 3 of the Dungeon.
             The game lasted 00:05:01 (2873 turns).

Gargoyl the Skirmisher (Centaur Abyssal Knight)     Turns: 2873, Time: 00:05:02

Health: -2/46      AC: 11    Str: 15    XL:     5   Next: 82%
Magic:  7/7        EV:  7    Int: 14    God:    Lugonu [**....]
Gold:   128        SH:  2    Dex:  9    Spells: 4/4 levels left

rFire    . . .     SeeInvis .   a - +2 hand axe
rCold    . . .     Gourm    .   p - +0 buckler
rNeg     . . .     Faith    .   d - +0 ring mail
rPois    .         Spirit   .   b - +2 helmet {Int+3}
rElec    .         Reflect  .   (no cloak)
rCorr    .         Harm     .   n - +1 pair of gloves
MR       .....                  (no barding)
Stlth    ..........             (no amulet)
Regen    0.2/turn               (no ring)
MPRegen  0.1/turn               (no ring)

@: very slightly contaminated, very quick
A: hooves 3, deformed body, speed 2, tough skin 3
a: Depart the Abyss, Bend Space, Renounce Religion


You were on level 3 of the Dungeon.
You worshipped Lugonu.
Lugonu was pleased with you.
You were not hungry.

You visited 1 branch of the dungeon, and saw 3 of its levels.
You visited the Abyss 1 time.

You collected 128 gold pieces.

Inventory:

Hand Weapons
 a - a +2 hand axe (weapon)
Armour
 b - a +2 helmet of intelligence (worn)
 d - a +0 ring mail (worn)
 n - a +1 pair of gloves (worn)
 p - a +0 buckler (worn)
Jewellery
 y - a cursed ring of loudness {unknown}
 z - an uncursed amulet of faith
Scrolls
 e - 2 scrolls of blinking
Potions
 g - 2 potions of heal wounds {unknown}
 i - a potion of brilliance {unknown}
 j - a potion of lignification {unknown}
 k - a potion of invisibility {unknown}
 m - a potion of flight {unknown}
 q - a potion of degeneration {unknown}
 u - a potion of haste {unknown}
 x - a potion of agility {unknown}
Comestibles
 c - 5 bread rations
 f - 9 fruits
 o - 4 meat rations
 s - 3 chunks of flesh
 w - 2 royal jellies


   Skills:
 + Level 3.8 Fighting
 + Level 3.4 Axes
 * Level 2.9 Armour
 + Level 0.9 Dodging
 * Level 2.9 Invocations


You had 4 spell levels left.
You didn't know any spells.

Dungeon Overview and Level Annotations

Branches:
Dungeon (3/15)

Altars:
Xom


Innate Abilities, Weirdness & Mutations

You have hooves in place of feet.
Armour fits poorly on your strangely shaped body.
You cover ground very quickly.
You have extremely tough skin. (AC +3)


Message History

Your +0 pair of gloves glows green for a moment.
As you read the scroll labeled EVEISMAILE, it crumbles to dust.
The creatures around you are filled with an inner flame!
It was a scroll of immolation.
As you read the scroll labeled WOS FULYFUASS, it crumbles to dust.
It is a scroll of enchant weapon.
Your +1 hand axe glows red for a moment.
As you read the scroll labeled KYIQIPRIOGU, it crumbles to dust.
It is a scroll of identify.
z - an uncursed amulet of faith
As you read the scroll labeled VINIHEQOIS, it crumbles to dust.
It is a scroll of amnesia.
You feel forgetful for a moment.
You slash the hobgoblin!
The hobgoblin explodes!
The fiery explosion engulfs you! Lugonu accepts your kill.
You are engulfed in blazing flames.
Ouch! That really hurt!
You die...

.... ###... .. .....
#...... .... .....
###.#.... ..#.##
.....###....... .......#
............. .........
...........## #.........
.....§§§....##..........
$....§.§....#...........
.....§§@......#.........
##..........##..........
#......................
###.........#...#.......♣
.............###......≈♣
.#...........# #.....♣♣≈
#...........# #...♣≈♣≈≈
#..........†###...≈♣≈≈≈
#.......†..†......≈≈≈≈≈


There were no monsters in sight!

Vanquished Creatures
  An ice beast (D:3)
  3 gnolls
  2 adders
  2 worms
  4 dart slugs
  3 leopard geckos (D:2)
  4 giant cockroaches (D:2)
  7 hobgoblins
  22 jackals
  2 quokkas (D:2)
  A ball python (D:2)
  10 bats
  3 frilled lizards
  3 goblins
  7 kobolds
  8 rats
82 creatures vanquished.

Vanquished Creatures (others)
  5 toadstools (D:1)
5 creatures vanquished.

Grand Total: 87 creatures vanquished

Notes
Turn   | Place    | Note
-------+----------+-------------------------------------------
     0 | Abyss:1  | Gargoyl the Centaur Abyssal Knight began the quest for the Orb.
     0 | Abyss:1  | Reached XP level 1. HP: 19/19 MP: 2/2
    98 | Abyss:2  | Found a corrupted altar of Lugonu.
   170 | Abyss:4  | Noticed a ynoxinul
   171 | D:1      | Escaped the Abyss
   447 | D:1      | Reached * piety under Lugonu
   447 | D:1      | Reached XP level 2. HP: 25/26 MP: 3/3
  1222 | D:2      | Reached XP level 3. HP: 28/31 MP: 4/4
  1891 | D:2      | Reached XP level 4. HP: 38/38 MP: 5/5
  1895 | D:2      | Found a shimmering altar of Xom.
  2502 | D:3      | Reached ** piety under Lugonu
  2599 | D:3      | Noticed an ice beast
  2617 | D:3      | Killed an ice beast
  2617 | D:3      | Reached XP level 5. HP: 36/45 MP: 5/7
  2873 | D:3      | Engulfed by a cloud of flame

Skill      XL: |  1  2  3  4 |
---------------+-------------+-----
Axes           | 2 3 |  3.4
Armour         | 2 |  2.9
Fighting       | |  3.8
Dodging        | |  0.9
Invocations    | |  2.9

Action                   |  1- 3 |  4- 6 || total
-------------------------+-------+-------++-------
Melee: Hand axe          |   111 |   108 ||   219
       Kick              |    16 |    19 ||    35
Invok: Depart the Abyss  |     1 |       ||     1
  Use: Scroll            |     1 |     6 ||     7
  Eat: Chunk             |     2 |     3 ||     5
Armor: Ring mail         |    58 |    96 ||   154
Dodge: Dodged            |    69 |    83 ||   152
Block: Buckler           |     3 |    13 ||    16
